 Dungeon Crawl Stone Soup version 0.26-a0-64-g059e62fbdb (webtiles) character file.

Game seed: 581163574247922835

2591 Gargoyl the Skirmisher (level 9, -5/74 HPs)
             Began as a Centaur Abyssal Knight on June 10, 2020.
             Was a High Priest of Lugonu.
             Slain by a red ugly thing (20 damage)
             ... on level 8 of the Dungeon.
             The game lasted 00:12:14 (8252 turns).

Gargoyl the Skirmisher (Centaur Abyssal Knight)     Turns: 8252, Time: 00:12:15

Health: -5/74      AC:  9    Str: 17    XL:     9   Next: 33%
Magic:  13/13      EV: 11    Int: 11    God:    Lugonu [*****.]
Gold:   556        SH:  0    Dex: 10    Spells: 8/8 levels left

rFire    . . .     SeeInvis +   d - +2 whip (elec)
rCold    . . .     Gourm    .   (no shield)
rNeg     . . .     Faith    .   x - +2 animal skin
rPois    +         Spirit   .   w - +2 helmet
rElec    .         Reflect  .   (no cloak)
rCorr    .         Harm     .   (no gloves)
MR       .....                  (no barding)
Stlth    +.........             n - amulet of regeneration
HPRegen  0.62/turn              m - ring of see invisible
MPRegen  0.13/turn              C - ring of poison resistance

@: very quick
A: large, hooves 3, deformed body, speed 2, tough skin 3
a: Depart the Abyss, Bend Space, Banish, Corrupt, Enter the Abyss, Renounce
Religion


You were on level 8 of the Dungeon.
You worshipped Lugonu.
Lugonu was extremely pleased with you.
You were not hungry.

You visited 1 branch of the dungeon, and saw 8 of its levels.
You visited the Abyss 1 time.
You also visited: Sewer.

You collected 556 gold pieces.

Inventory:

Hand Weapons
 a - a +2 hand axe
 d - a +2 whip of electrocution (weapon)
 t - a +4 falchion
Missiles
 A - 3 boomerangs (quivered)
Armour
 w - a +2 helmet (worn)
 x - a +2 animal skin (worn)
Jewellery
 i - an uncursed amulet of the acrobat
 m - a ring of see invisible (left hand)
 n - an amulet of regeneration (around neck)
 s - an uncursed ring of flight
 C - a ring of poison resistance (right hand)
Wands
 u - a wand of flame (15)
 z - a wand of clouds (6)
Scrolls
 e - a scroll of identify
 j - a scroll of fog
 y - a scroll of fear {unknown}
 D - 5 scrolls of teleportation
 H - a scroll of remove curse
Potions
 b - a potion of might
 f - 2 potions of cancellation
 g - a potion of heal wounds
 h - a potion of lignification
 k - a potion of mutation
 l - a potion of haste
 o - 4 potions of flight
 q - 6 potions of brilliance
 r - 4 potions of curing
 v - 3 potions of resistance
 B - a potion of ambrosia
 E - a potion of stabbing
 F - a potion of berserk rage {unknown}
 G - a potion of magic
Comestibles
 c - 19 rations
 p - 4 chunks of flesh


   Skills:
 + Level 5.6 Fighting
 + Level 2.1(4.1) Axes
 + Level 5.5(5.7) Maces & Flails
 + Level 0.5 Throwing
 * Level 4.2 Armour
 * Level 5.1 Dodging
 * Level 5.5 Invocations


You had 8 spell levels left.
You didn't know any spells.
Your spell library contained the following spells:

 Spells                   Type           Power        Failure   Level  Hunger
 Infusion                 Chrm           #...         34%         1    ##.....
 Shroud of Golubria       Chrm/Tloc      #.....       47%         2    ###....
 Song of Slaying          Chrm           #.......     47%         2    ###....
 Ozocubu's Armour         Chrm/Ice       #.......     71%         3    ####...
 Spectral Weapon          Hex/Chrm       #.......     71%         3    ####...


Dungeon Overview and Level Annotations

Branches:
Dungeon (8/15)             Temple (0/1) D:7           Sewer (visited)
   Lair: D:8-11

Altars:
Ashenzari
Cheibriados
Dithmenos
Elyvilon
Fedhas
Gozag
Hepliaklqana
Sif Muna
Uskayaw
Wu Jian
Xom
Yredelemnul
Zin


Innate Abilities, Weirdness & Mutations

You have hooves in place of feet.
Armour fits poorly on your strangely shaped body.
You cover ground very quickly.
You have extremely tough skin. (AC +3)


Message History

The red ugly thing gurgles horribly!
A red ugly thing is nearby!
You hit the red ugly thing but do no damage.
The red ugly thing completely misses you.
You barely miss the red ugly thing. You barely miss the red ugly thing.
The red ugly thing stings you!
You are engulfed in flames!!
You barely miss the red ugly thing. The red ugly thing stings you.
You are engulfed in flames!
You hit the red ugly thing.
Lightning courses through the red ugly thing!
Your kick misses the red ugly thing.
The red ugly thing is moderately wounded.
The red ugly thing stings you but does no damage.
You hit the red ugly thing.
The red ugly thing is moderately wounded.
The red ugly thing stings you!
* * * LOW HITPOINT WARNING * * *
You are engulfed in flames!!
You die...

.. ....# ### ....#
... ....# .$.
#####....# ####
#.......# #...
#.......+ +...
#...u...# #...
#...@...# ######...
#.......# #........
#.......# #.....#+#
#.......# #.....#
#.......# #.....#
#.......#####.....#
#.......<.....#####
#.............#
########......#


You could see a red ugly thing.

Vanquished Creatures
  Sigmund (D:5)
  A phantom (D:5)
  An ice beast (D:6)
  2 sky beasts
  3 ogres
  2 centaurs
  A big kobold (D:8)
  3 bullfrogs
  2 scorpions
  2 howler monkeys (D:7)
  8 wights
  3 crimson imps
  A bullfrog zombie (D:7)
  3 orc wizards
  2 jellies
  A gnoll shaman (D:4)
  An iron imp (Abyss:2)
  An iguana (D:8)
  2 worker ants (D:5)
  Natasha (thrice) (D:3)
  A hound zombie (D:7)
  Robin (D:3)
  10 gnolls
  7 adders
  A howler monkey skeleton (D:6)
  A shadow imp (D:6)
  5 oozes
  An adder zombie (D:6)
  9 worms
  3 dart slugs
  6 leopard geckos
  8 orcs
  2 ball pythons
  16 bats
  6 giant cockroaches
  19 goblins
  13 hobgoblins
  11 jackals
  12 kobolds
  5 quokkas
  4 frilled lizards
  A leopard gecko skeleton (D:7)
  A quokka skeleton (D:8)
  8 rats
194 creatures vanquished.

Notes
Turn   | Place    | Note
-------+----------+-------------------------------------------
     0 | Abyss:1  | Gargoyl the Centaur Abyssal Knight began the quest for the
                  | Orb.
     0 | Abyss:1  | Reached XP level 1. HP: 19/19 MP: 2/2
    55 | Abyss:2  | Found a corrupted altar of Lugonu.
    60 | Abyss:2  | Found a corrupted altar of Lugonu.
    60 | Abyss:2  | Noticed an iron imp
    69 | Abyss:2  | Killed an iron imp
    69 | Abyss:2  | Reached XP level 2. HP: 4/27 MP: 3/3
    81 | Abyss:2  | Noticed a small abomination
    85 | D:1      | Escaped the Abyss
   348 | D:1      | Reached XP level 3. HP: 33/33 MP: 4/4
  1195 | D:2      | Reached ** piety under Lugonu
  1302 | D:2      | Reached XP level 4. HP: 36/40 MP: 5/5
  1459 | D:2      | Reached skill level 1 in Dodging
  1509 | D:2      | Found a shadowy altar of Dithmenos.
  1915 | D:3      | Noticed Robin
  2211 | D:3      | Reached *** piety under Lugonu
  2217 | D:3      | Killed Robin
  2217 | D:3      | Reached XP level 5. HP: 37/46 MP: 7/7
  2260 | D:3      | Noticed Natasha
  2267 | D:3      | Killed Natasha
  2267 | D:3      | Reached skill level 1 in Maces & Flails
  2483 | D:3      | Noticed a shadow
  2484 | D:3      | Found a shadowy altar of Dithmenos.
  2631 | D:3      | Noticed Natasha
  2638 | D:3      | Killed Natasha
  2782 | D:3      | Found a shimmering blue altar of Sif Muna.
  2824 | D:3      | Noticed Natasha
  2834 | D:3      | Killed Natasha
  2885 | D:3      | Found a hazy altar of Hepliaklqana.
  2915 | D:4      | Noticed an ogre
  2920 | D:4      | Killed an ogre
  2920 | D:4      | Reached XP level 6. HP: 53/53 MP: 8/8
  3546 | D:4      | Reached XP level 7. HP: 43/60 MP: 9/9
  4030 | D:5      | Entered Level 5 of the Dungeon
  4095 | D:5      | Reached **** piety under Lugonu
  4097 | D:5      | Found a shimmering altar of Xom.
  4233 | D:5      | Noticed Sigmund
  4242 | D:5      | Killed Sigmund
  4326 | D:5      | Reached XP level 8. HP: 67/67 MP: 11/11
  4522 | D:5      | Reached skill level 5 in Fighting
  4535 | D:5      | Found an opulent altar of Gozag.
  4641 | D:5      | Found a glowing drain.
  4660 | Sewer    | Entered a sewer
  6137 | D:6      | Found a hide-covered altar of Uskayaw.
  6214 | D:6      | Found a white marble altar of Elyvilon.
  6324 | D:6      | Reached ***** piety under Lugonu
  7184 | D:7      | Reached skill level 5 in Invocations
  7225 | D:7      | Found an ornate altar of the Wu Jian Council.
  7225 | D:7      | Found a shattered altar of Ashenzari.
  7322 | D:7      | Reached XP level 9. HP: 74/74 MP: 12/12
  7327 | D:7      | Reached skill level 5 in Maces & Flails
  7411 | D:7      | Found a staircase to the Ecumenical Temple.
  7855 | D:7      | Found a faded altar of an unknown god.
  7855 | D:7      | Found a glowing silver altar of Zin.
  7860 | D:7      | Found a basalt altar of Yredelemnul.
  7862 | D:7      | Found a blossoming altar of Fedhas.
  7863 | D:7      | Found a snail-covered altar of Cheibriados.
  8071 | D:8      | Reached skill level 5 in Dodging
  8243 | D:8      | Noticed a red ugly thing
  8252 | D:8      | Slain by a red ugly thing

Illustrated notes

Levels and vault maps discovered:
D:1:      eino_arrival_water_cross, layout_basic
D:2:      layout_rooms, first_ration, grunt_dithmenos_smoke
D:3:      layout_rooms, riverfiend_overflow_shadow_ancestor, led_sif_pool,
          uniq_natasha, uniq_robin
D:4:      layout_basic, hangedman_decor_peaks_small
D:5:      layout_loops_corners, xom_teletrap_fun, cheibrodos_sewer_entry_sluice,
          grunt_gozag_statues, uniq_sigmund
D:6:      layout_layer_cave, eat_drink_and_be_merry_uskayaw, elyvilon_altar_4,
          serial_bayou_pond_c
D:7:      layout_gridville, chequers_temple_overflow_minitemple,
          gammafunk_temple_overflow_wave, minmay_temple_entry_slanted
D:8:      layout_gridville

Skill      XL: |  1  2  3  4  5  6  7  8  9 |
---------------+----------------------------+-----
Axes           | 2 |  2.1
Fighting       | 4 5 |  5.6
Armour         | 2 3 4 |  4.2
Dodging        | 1 2 3 4 5 |  5.1
Maces & Flails | 2 3 4 5 |  5.5
Invocations    | 3 4 5 |  5.5
Throwing       | |  0.5

Action                   |  1- 3 |  4- 6 |  7- 9 || total
-------------------------+-------+-------+-------++-------
Melee: Whip              |    61 |   174 |   322 ||   557
       Kick              |    16 |    28 |    79 ||   123
Throw: Boomerang         |       |       |     4 ||     4
Invok: Bend Space        |       |       |     2 ||     2
  Use: Potion            |     1 |       |       ||     1
       Scroll            |       |    15 |    13 ||    28
  Eat: Chunk             |       |     7 |    12 ||    19
Armor: Ring mail         |    18 |    52 |       ||    70
       Animal skin       |       |    36 |   144 ||   180
Dodge: Dodged            |    23 |   103 |   170 ||   296

Table legend:
 A = Non-vault XP
 B = Vault XP
 C = Vault XP percentage of total XP
 D = Non-vault monster count
 E = Vault monster count
 F = Vault count percentage of total count
                 A         B        C        D         E       F
            +---------+---------+-------+---------+---------+-------
      Total |    3325 |     377 |  10.2 |     153 |      41 |  21.1
            +---------+---------+-------+---------+---------+-------
        D:1 |      28 |       0 |   0.0 |      16 |       0 |   0.0
        D:2 |     109 |      16 |  12.8 |      36 |       9 |  20.0
        D:3 |     110 |      54 |  32.9 |      21 |       4 |  16.0
        D:4 |     633 |       0 |   0.0 |      16 |       0 |   0.0
        D:5 |     517 |     230 |  30.8 |      19 |       3 |  13.6
        D:6 |     499 |       0 |   0.0 |      14 |       0 |   0.0
        D:7 |     874 |       0 |   0.0 |      16 |       0 |   0.0
        D:8 |     515 |       0 |   0.0 |      14 |       0 |   0.0
    Abyss:2 |      40 |       0 |   0.0 |       1 |       0 |   0.0
      Sewer |       0 |      77 | 100.0 |       0 |      25 | 100.0
            +---------+---------+-------+---------+---------+-------
